 Dungeon Crawl Stone Soup version 0.25-a0-424-g80bd347ae0 (console) character file.

Game seed: 3043122953612060665, levelgen mode: deterministic

4 Asser the Grave Robber (level 1, -2/13 HPs)
             Began as a Human Necromancer on Jan 23, 2020.
             Slain by a frilled lizard (3 damage)
             ... on level 1 of the Dungeon.
             The game lasted 00:04:09 (211 turns).

Asser the Grave Robber (Human Necromancer)           Turns: 211, Time: 00:04:10

Health: -2/13      AC:  7    Str:  8    XL:     1   Next: 77%
Magic:  2/3        EV: 10    Int: 15    God:
Gold:   27         SH:  0    Dex: 13    Spells: 3/4 levels left

rFire    . . .     SeeInvis .   (no weapon)
rCold    . . .     Gourm    .   (no shield)
rNeg     . . .     Faith    .   f - +1 ring mail
rPois    .         Spirit   .   (no helmet)
rElec    .         Reflect  .   (no cloak)
rCorr    .         Harm     .   e - +0 pair of gloves
MR       .....                  (no boots)
Stlth    +.........             (no amulet)
HPRegen  0.04/turn              (no ring)
MPRegen  0.08/turn              (no ring)

@: no status effects
A: no striking features
a: no special abilities


You were on level 1 of the Dungeon.
You were not hungry.

You visited 1 branch of the dungeon, and saw 1 of its levels.

You collected 27 gold pieces.

Inventory:

Hand Weapons
 g - a +0 club
Armour
 e - a +0 pair of gloves (worn)
 f - a +1 ring mail (worn)
Scrolls
 b - a scroll of identify {unknown}
 d - a scroll of remove curse {unknown}
Comestibles
 c - a ration


   Skills:
 + Level 2.0 Dodging
 - Level 2.0 Stealth
 + Level 2.1 Spellcasting
 + Level 4.2 Necromancy


You had 3 spell levels left.
You knew the following spells:

 Your Spells              Type           Power        Failure   Level  Hunger
a - Pain                  Necr           ##..         12%         1    #......

Your spell library contained the following spells:

 Spells                   Type           Power        Failure   Level  Hunger
 Animate Skeleton         Necr           N/A          12%         1    #......
 Vampiric Draining        Necr           ##........   36%         3    ###....
 Animate Dead             Necr           N/A          77%         4    #####..
 Agony                    Necr           ##......     98%         5    ######.


Dungeon Overview and Level Annotations

Branches:
Dungeon (1/15)

Altars:


Message History

You closely miss the bat. The bat closely misses you.
The bat barely misses you.
You miss the bat. The bat hits you.
* * * LOW HITPOINT WARNING * * *
The bat barely misses you. x2
Your ring mail prevents you from hitting the bat.
The bat closely misses you. The frilled lizard closely misses you.
The bat barely misses you. The bat barely misses you.
The bat hits you but does no damage.
The goblin shouts!
The bat closely misses you.
Casting: Pain (safe; 12% risk of failure)
Confirm with . or Enter, or press ? or * to list all spells.
Aiming: Pain (safe; 12% risk of failure)
Press: ? - help, Shift-Dir - straight line, f - bat
Aim: a bat (chance to defeat MR: 85%)
The bat writhes in agony.
You kill the bat!
The frilled lizard barely misses you. The frilled lizard bites you.
You die...

############
...###############...........
.........l............#######
......######....##.##.########
..... ###.....##[##.........
...# #..........##.#######† ##
#.#.....#####.# #.
#.##l#..#####.# #.
..###.#..@......#.# #.
....g....#..##.#..# ##
.###....#...[###.. ###.
#......###.#..# #... #†....##
#.# ##.. #.........# .# ##.
#####...#.# # ## #...#.# #
#...... ### #..##.## #######..
...##.# #........


You could see a goblin and a frilled lizard.

Vanquished Creatures
  A bat (D:1)
  A goblin (D:1)
  A hobgoblin (D:1)
  A rat (D:1)
4 creatures vanquished.

Notes
Turn   | Place    | Note
-------+----------+-------------------------------------------
     0 | D:1      | Asser the Human Necromancer began the quest for the Orb.
     0 | D:1      | Reached XP level 1. HP: 13/13 MP: 3/3
   211 | D:1      | Slain by a frilled lizard

Levels and vault maps discovered:
D:1:      dpeg_arrival_leaves_temple_mockup, layout_loops_ring,
          minmay_misc_feat_four_crosses

Action                   || total
-------------------------++-------
Melee: Unarmed           ||    12
 Cast: Pain              ||     4
  Use: Scroll            ||     1
Armor: Ring mail         ||     6
Dodge: Dodged            ||    17

Table legend:
 A = Non-vault XP
 B = Vault XP
 C = Vault XP percentage of total XP
 D = Non-vault monster count
 E = Vault monster count
 F = Vault count percentage of total count
                 A         B        C        D         E       F
            +---------+---------+-------+---------+---------+-------
      Total |       7 |       0 |   0.0 |       4 |       0 |   0.0
            +---------+---------+-------+---------+---------+-------
        D:1 |       7 |       0 |   0.0 |       4 |       0 |   0.0
            +---------+---------+-------+---------+---------+-------
